 Dungeon Crawl Stone Soup version 0.28-a0-313-gbc0475efdd (webtiles) character file.

Game seed: 936868860287781385

1249 Demosthentine the Spear-Bearer (level 8, 0/64 HPs)
             Began as a Merfolk Gladiator on Aug 31, 2021.
             Slain by an orc wizard (3 damage)
             ... on level 5 of the Dungeon.
             The game lasted 00:04:32 (6036 turns).

Demosthentine the Spear-Bearer (Merfolk Gladiator)  Turns: 6036, Time: 00:04:32

Health: 0/64       AC:  7    Str: 16    XL:     8   Next: 50%
Magic:  8/8        EV: 17    Int:  7    God:
Gold:   138        SH:  0    Dex: 22    Spells: 7/7 levels left

rFire   . . .      SeeInvis .   a - +1 trident
rCold   . . .      Faith    .   (no shield)
rNeg    . . .      Spirit   .   b - +0 leather armour
rPois   .          Reflect  .   d - +1 helmet
rElec   .          Harm     .   c - +0 cloak
rCorr   .          Rampage  .   g - +0 pair of gloves
Will    .....                   (no boots)
Stlth   ++........              (no amulet)
HPRegen 0.20/turn               j - +6 ring of dexterity
MPRegen 0.11/turn               (no ring)

@: no status effects
A: (nimble swimmer 2), mertail
a: no special abilities


You were on level 5 of the Dungeon.
You visited 1 branch of the dungeon, and saw 5 of its levels.

You collected 138 gold pieces.

Inventory:

Hand Weapons
 a - a +1 trident (weapon)
Missiles
 h - a throwing net (quivered)
Armour
 b - a +0 leather armour (worn)
 c - a +0 cloak (worn)
 d - a +1 helmet (worn)
 g - a +0 pair of gloves (worn)
Jewellery
 j - a +6 ring of dexterity (left hand)
Wands
 n - a wand of flame (18)
Potions
 e - a potion of mutation
 f - 2 potions of heal wounds
 i - a potion of attraction
 k - a potion of curing


   Skills:
 + Level 5.8 Fighting
 + Level 8.3 Polearms
 - Level 2.0 Throwing
 + Level 3.5 Armour
 + Level 7.6 Dodging


You had 7 spell levels left.
You didn't know any spells.
Your spell library contained the following spells:

 Spells                   Type           Power      Damage    Failure   Level
 Magic Dart               Conj           0%         1d3       50%         1
 Call Imp                 Summ           0%         N/A       63%         2
 Mephitic Cloud           Conj/Pois/Air  0%         N/A       86%         3


Dungeon Overview and Level Annotations

Branches:
Dungeon (5/15)
 Temple: D:4-7

Altars:
Makhleb
Wu Jian

Shops:
D:2 (


Innate Abilities, Weirdness & Mutations

((You are quick and stealthy near water. (Stealth+, EV+, Speed+++)))
Your lower body shifts to a powerful aquatic tail in water.


Message History

You kill the orc wizard!
The gnoll closely misses you.
You aren't carrying any scrolls.
Unknown command.
Found 21 stones.
Items here: )) [ †.
An orc, an orc wizard and a skeleton come into view.
The orc wizard shouts!
The orc shouts!
An adder comes into view.
A sky beast comes into view.
The orc wizard points at you and mumbles some strange words.
You are confused.
Unknown command.
You're too confused to move!
The orc wizard points at you and mumbles some strange words.
The puff of flame misses you. The gnoll closely misses you.
Unknown command.
The orc hits you with a +0 flail.
Unknown command.
Unknown command.
Your leather armour prevents you from hitting the orc.
Unknown command.
You puncture the adder!
You kill the adder!
The gnoll completely misses you.
Unknown command.
You bump into the closed door.
You feel less confused.
The gnoll hits you from afar with a +0 halberd!
* * * LOW HITPOINT WARNING * * *
The bullfrog skeleton barely misses you.
The sky beast misses you.
The gnoll hits you from afar with a +0 halberd.
* * * LOW HITPOINT WARNING * * *
You open the door. The bullfrog skeleton hits you.
* * * LOW HITPOINT WARNING * * *
The gnoll hits you from afar with a +0 halberd.
* * * LOW HITPOINT WARNING * * *
The sky beast barely misses you.
The orc wizard hits you with a +0 dagger.
You die...

##+######
#........
#........
#........
#.........
#.(.......
...####.Z.......
......'@Y.......
....###oo.......
. ...##gg.......
#.g##.g.......
Zg###Z######
#g###)#
#..##g######
#..##†##...#
#..##.##...#


You could see a sky beast, an orc wizard, 4 gnolls, an orc, a wyvern zombie and
a bullfrog skeleton.

Vanquished Creatures
  Grinder (D:4)
  Sigmund (D:2)
  The ghost of desmos the Cudgeller, an amateur HOBe of Trog (D:4)
  2 necrophages (D:4)
  The ghost of Dittersdorf the Covered, an amateur GrFi (D:4)
  A scorpion (D:5)
  A bullfrog zombie (D:5)
  A hound (D:4)
  3 orc priests (D:4)
  An iguana (D:4)
  2 orc wizards
  Robin (D:3)
  5 gnolls
  6 adders
  An ufetubus (D:4)
  2 worms (D:3)
  3 dart slugs
  15 orcs
  5 endoplasms
  3 giant cockroaches
  11 goblins
  11 hobgoblins
  8 jackals
  A quokka (D:2)
  8 ball pythons
  4 bats
  3 frilled lizards
  3 kobolds
  3 rats
108 creatures vanquished.

Notes
Turn   | Place    | Note
-------+----------+-------------------------------------------
     0 | D:1      | Demosthentine the Merfolk Gladiator began the quest for the
                  | Orb.
     0 | D:1      | Reached XP level 1. HP: 16/16 MP: 1/1
   168 | D:1      | Reached XP level 2. HP: 19/23 MP: 2/2
   578 | D:1      | Reached XP level 3. HP: 10/28 MP: 3/3
   998 | D:1      | Reached skill level 5 in Polearms
  1217 | D:2      | Noticed Sigmund
  1361 | D:2      | Killed Sigmund
  1362 | D:2      | Reached skill level 1 in Armour
  1362 | D:2      | Reached skill level 5 in Dodging
  1362 | D:2      | Reached XP level 4. HP: 3/37 MP: 4/4
  1362 | D:2      | Reached XP level 5. HP: 4/42 MP: 5/5
  1825 | D:2      | Reached skill level 6 in Polearms
  1911 | D:2      | Found Amomacig's Weapon Shop.
  1986 | D:2      | Found a burning altar of Makhleb.
  1993 | D:2      | Reached XP level 6. HP: 48/48 MP: 6/6
  3376 | D:3      | Noticed Robin
  3402 | D:3      | Killed Robin
  4269 | D:3      | Found an ornate altar of the Wu Jian Council.
  4527 | D:4      | Noticed Dittersdorf's ghost (amateur GrFi)
  4527 | D:4      | Noticed desmos's ghost (amateur HOBe)
  4546 | D:4      | Found a runed translucent gate.
  4547 | D:4      | Found a runed translucent gate.
  4548 | D:4      | Found a runed translucent gate.
  4557 | D:4      | Noticed a necrophage
  4567 | D:4      | Killed a necrophage
  4568 | D:4      | Reached XP level 7. HP: 55/55 MP: 7/7
  4619 | D:4      | Identified the +11 dagger of Herph {venom, rF+ rC+ Str+3}
  4655 | D:4      | Noticed Grinder
  4683 | D:4      | Killed Grinder
  4684 | D:4      | Reached skill level 5 in Fighting
  4684 | D:4      | Reached skill level 7 in Polearms
  5058 | D:4      | Reached XP level 8. HP: 62/62 MP: 8/8
  5804 | D:4      | Killed desmos's ghost
  5805 | D:4      | Reached skill level 8 in Polearms
  5816 | D:4      | Killed Dittersdorf's ghost
  5951 | D:5      | Entered Level 5 of the Dungeon
  6036 | D:5      | HP: 3/64 [gnoll (1)]
  6036 | D:5      | Slain by an orc wizard

Illustrated notes

Levels and vault maps discovered:
D:1:      eino_arrival_water_star, layout_basic
D:2:      layout_basic, serial_shops, nicolae_shop_competitors_out_of_business,
          basic_altar, uniq_sigmund
D:3:      layout_loops_corners, nicolae_wu_jian_glorious_leap, uniq_robin
D:4:      minmay_wonky_spiral, layout_basic, gammafunk_ghost_cemetery,
          uniq_grinder
D:5:      layout_basic, lemuel_crystal_altar, uniq_duvessa,
          uniq_crazy_yiuf_cottage

Skill      XL: |  1  2  3  4  5  6  7  8 |
---------------+-------------------------+-----
Polearms       | 5 6 7 8 |  8.3
Fighting       | 3 4 5 |  5.8
Armour         | 1 2 3 |  3.5
Dodging        | 5 6 7 |  7.6
Throwing       | |  2.0

Action                   |  1- 3 |  4- 6 |  7- 9 || total
-------------------------+-------+-------+-------++-------
Melee: Trident           |    78 |   198 |   177 ||   453
Throw: Throwing net      |     4 |       |     1 ||     5
  Use: Scroll            |     2 |     3 |     3 ||     8
       Potion            |     1 |     1 |     3 ||     5
 Stab: Sleeping          |     1 |     2 |     1 ||     4
Armor: Leather armour    |    12 |    25 |    14 ||    51
       Skin              |       |       |    22 ||    22
Dodge: Dodged            |    43 |   116 |    93 ||   252

Table legend: (Time is in decaauts)
 A = Elapsed time spent in this place.
 B = Non-inter-level travel time spent in this place.
 C = Inter-level travel time spent in this place.
 D = Time resting spent in this place.
 E = Time spent auto-exploring this place.
 F = Levels seen in this place.
 G = Mean time per level.
                   A        B        C        D        E       F      G
               +--------+--------+--------+--------+--------+-----+--------+
         Total |   6027 |   5957 |     70 |    333 |   4650 |   5 | 1205.4 |
       Dungeon |   6027 |   5957 |     70 |    333 |   4650 |   5 | 1205.4 |
               +--------+--------+--------+--------+--------+-----+--------+

Top non-repeatable levels by time:
     D:1: 2130 daAuts
     D:4: 1412 daAuts
     D:3: 1385 daAuts
     D:2: 1016 daAuts
     D:5: 81 daAuts
